AoeStats
← aleix.car

Northern Isles

510325044Analyzed
1v1 RM · 22h ago on Sep 30, 2026· 23m 52s· 2 players
Game mode
Random Map
Map size
Tiny (2 player)
Population
200
Speed
Normal
Resources
Standard
Victory
Conquest
Starting age
Dark Age
Ending age
Imperial Age
RankedLock teamsTeams togetherTeam positionsShared explorationLock speedFull tech treeHidden civsTurbo modeCheats
Victory
Defeat
🇪🇸 Bulgarians · Spain
953
+15
🇺🇸 Tupi · United States
931
-15
Joe Biden
5:47 Loom
9:01 Feudal Age
13:15 Forging
18:06 Scale Mail Armor
17:57 Fletching
18:28 Arson
21:37 Champi Runner
aleix.car
11:50 Feudal Age
12:44 Fishing Lines
16:05 Loom
17:17 Scale Mail Armor
19:57 Castle Age
18:37 Forging
18:53 Gold Mining
18:56 Double-Bit Axe
21:48 Chain Mail Armor
22:09 Iron Casting
21:44 Gambesons
Connection lost

Rejoining the realm…

Still unreachable

The connection could not be restored.

Session expired

The server has moved on; the page needs a fresh start.